AoeStats
← XEVER | Matluck el mero mero

Arabia

509901403Analyzed
1v1 RM · 5d ago on Sep 28, 2026· 25m 51s· 2 players
Game mode
Random Map
Map size
Tiny (2 player)
Population
200
Speed
Normal
Resources
Standard
Victory
Conquest
Starting age
Dark Age
Ending age
Imperial Age
RankedLock teamsTeams togetherTeam positionsShared explorationLock speedFull tech treeHidden civsTurbo modeCheats
Victory
Defeat
🇫🇷 Japanese · France
1937
+11
🇦🇷 Maya · Argentina
1835
-11
XEVER | Matluck el mero mero
0:27 Loom
10:39 Feudal Age
10:49 Man-at-Arms
11:20 Double-Bit Axe
15:56 Horse Collar
16:28 Fletching
18:40 Padded Archer Armor
24:02 Castle Age
23:14 Horse Collar
25:21 Leather Archer Armor
25:27 Bodkin Arrow
25:25 Elite Skirmisher
LePoséidon
5:50 Loom
8:33 Feudal Age
9:14 Double-Bit Axe
12:14 Town Watch
14:20 Fletching
21:42 Castle Age
20:16 Padded Archer Armor
20:24 Horse Collar
21:25 Gold Mining
21:46 Crossbowman
24:02 Bodkin Arrow
Connection lost

Rejoining the realm…

Still unreachable

The connection could not be restored.

Session expired

The server has moved on; the page needs a fresh start.